 Dungeon Crawl Stone Soup version 0.30.0-11-gf55b779eaf (webtiles) character file.

Game seed: 10555302615495832451

100 Monkooky the Stinger (level 4, -1/36 HPs)
             Began as a Naga Venom Mage on May 16, 2023.
             Was a Believer of Lugonu.
             Slain by a gnoll sergeant
             ... wielding a +0 trident of protection
              (10 damage)
             ... on level 3 of the Dungeon.
             The game lasted 00:07:10 (1726 turns).

Monkooky the Stinger (Naga Venom Mage)              Turns: 1726, Time: 00:07:11

Health: -1/36      AC:  4    Str: 10    XL:     4   Next: 74%
Magic:  2/7        EV: 10    Int: 18    God:    Lugonu [**....]
Gold:   52         SH:  0    Dex: 11    Spells: 2/7 levels left

rFire   . . .        j - +2 short sword (protect)
rCold   . . .        (no shield)
rNeg    . . .        a - +0 robe
rPois   +            w - +0 helmet
rElec   .            (no cloak)
rCorr   .            s - +0 pair of gloves
SInv    +            (no barding)
Will    .....        q - amulet of magic regeneration
Stlth   +++          (no ring)
HPRegen 0.26/turn    (no ring)
MPRegen 0.50/turn

%: no passive effects
@: radiating poison, very slightly contaminated, very slow
A: AC +1, large, see invisible, deformed body, poison resistance, slowness 2,
spit poison 1, naga tail 1
a: Spit Poison, Renounce Religion, Depart the Abyss, Banish


You were on level 3 of the Dungeon.
You worshipped Lugonu.
Lugonu was pleased with you.
You visited 1 branch of the dungeon, and saw 3 of its levels.

You collected 52 gold pieces.

Inventory:

Hand Weapons
 e - a +0 club
 j - a +2 short sword of protection (weapon)
 r - a +0 quarterstaff
Missiles
 c - 6 curare-tipped darts
Armour
 a - a +0 robe (worn)
 s - a +0 pair of gloves (worn)
 w - a +0 helmet (worn)
Magical Staves
 v - a staff of fire
Jewellery
 q - an amulet of magic regeneration (around neck)
Scrolls
 d - a scroll of enchant armour {unknown}
 f - a scroll of fear {unknown}
 g - a scroll of vulnerability {unknown}
 l - a scroll of blinking {unknown}
 m - a scroll of silence {unknown}
 o - 3 scrolls of noise {unknown}
 p - 2 scrolls of fog {unknown}
 t - a scroll of teleportation {unknown}
 u - a scroll of torment {unknown}
Potions
 b - a potion of magic
 h - 2 potions of brilliance {unknown}
 i - a potion of heal wounds {unknown}
 k - a potion of degeneration {unknown}
 n - a potion of curing {unknown}
 x - a potion of resistance {unknown}


   Skills:
 - Level 1.7 Dodging
 - Level 5.0 Stealth
 - Level 2.1 Spellcasting
 - Level 1.2 Transmutations
 + Level 5.8 Poison Magic


You had 2 spell levels left.
You knew the following spells:

 Your Spells              Type           Power      Damage    Failure   Level
a - Sting                 Tmut/Pois      56%        1d5       4%          1
b - Olgreb's Toxic Radia  Pois           22%        N/A       16%         4

Your spell library contained the following spells:

 Spells                   Type           Power      Damage    Failure   Level
 Poisonous Vapours        Pois/Air       24%        N/A       9%          2
 Beastly Appendage        Tmut           12%        N/A       11%         1
 Wereblood                Tmut           6%         N/A       16%         2
 Spider Form              Tmut/Pois      14%        N/A       13%         3
 Mephitic Cloud           Conj/Pois/Air  8%         N/A       24%         3
 Vhi's Electric Charge    Tloc/Air       2%         N/A       47%         3
 Arcjolt                  Conj/Air       0%         1d10      99%         5
 Plasma Beam              Fire/Air       0%         2x1d11    100%        6


Dungeon Overview and Level Annotations

Branches:
Dungeon (3/15)

Altars:
Lugonu


Innate Abilities, Weirdness & Mutations

Your serpentine skin is tough. (AC +1)
You have supernaturally acute eyesight. (SInv)
Armour fits poorly on your strangely shaped body.
Your system is resistant to poisons. (rPois)
You cover ground very slowly.
You can spit poison.
You have a snake-like lower body.


Message History

Unknown command.
Casting: Olgreb's Toxic Radiance (quite dangerous; 16% risk of failure)
Confirm with . or Enter, or press ? or * to list all spells.
The spell is quite dangerous to miscast (16% risk of failure)!
Continue anyway?
You miscast Olgreb's Toxic Radiance.
You are very lightly contaminated with residual magic.
You feel odd. You resist.
The gnoll hits you from afar with a +0 spear.
A gnoll comes into view. It is wielding a +0 flail.
The gnoll barely misses you. The gnoll sergeant barely misses you.
Unknown command.
The gnoll sergeant hits you from afar with a +0 trident of protection!
The gnoll attacks as you move away! The gnoll hits you with a +0 club.
The gnoll looks more healthy.
The gnoll hits you but does no damage. The gnoll attacks as you move away!
The gnoll hits you with a +0 club.
You have got your breath back.
The gnoll hits you with a +0 club.
* * * LOW HITPOINT WARNING * * *
The gnoll closely misses you.
You aren't carrying any items that you can evoke.
Okay, then.
Casting: Olgreb's Toxic Radiance (quite dangerous; 16% risk of failure)
Confirm with . or Enter, or press ? or * to list all spells.
The spell is quite dangerous to miscast (16% risk of failure)!
Continue anyway?
Okay, then.
Casting: Olgreb's Toxic Radiance (quite dangerous; 16% risk of failure)
Confirm with . or Enter, or press ? or * to list all spells.
Okay, then.
Okay, then.
Casting: Olgreb's Toxic Radiance (quite dangerous; 16% risk of failure)
Confirm with . or Enter, or press ? or * to list all spells.
The spell is quite dangerous to miscast (16% risk of failure)!
Continue anyway?
You begin to radiate toxic energy.
The gnoll sergeant looks even sicker.
The gnoll is poisoned.
You kill the gnoll!
Lugonu accepts your kill.
The gnoll looks even sicker.
The gnoll barely misses you. The gnoll completely misses you.
The gnoll sergeant hits you from afar with a +0 trident of protection!
You die...

####........####
####.##.##.#
#..........#
#.##....#..#
#.##..###..#
#.##..###..# #
#####.##.......#
##.##..g#.........##
##...).#gg@....#####
#...g...)#######
#.....##### #.#..#
...... ##.##. #. # #


You could see a gnoll sergeant (very poisoned) and 3 gnolls.

Vanquished Creatures
  An orc priest (D:3)
  2 gnolls (D:3)
  2 adders (D:2)
  2 dart slugs
  4 orcs (D:3)
  3 bats
  3 giant cockroaches (D:1)
  2 hobgoblins (D:1)
  2 quokkas (D:2)
  5 ball pythons
  A frilled lizard (D:1)
  4 goblins (D:1)
  5 kobolds
  3 rats
39 creatures vanquished.

Notes
Turn   | Place    | Note
-------+----------+-------------------------------------------
     0 | D:1      | Monkooky the Naga Venom Mage began the quest for the Orb.
     0 | D:1      | Reached XP level 1. HP: 15/15 MP: 3/3
    87 | D:1      | Found a faded altar of an unknown god.
   125 | D:1      | Prayed at the altar of an unknown god.
   125 | D:1      | Became a worshipper of Lugonu the Unformed
   125 | D:1      | Reached * piety under Lugonu
   130 | D:1      | Reached XP level 2. HP: 21/22 MP: 1/5
   811 | D:1      | Reached XP level 3. HP: 28/28 MP: 6/6
   999 | D:2      | Reached skill level 5 in Stealth
  1127 | D:2      | Reached ** piety under Lugonu
  1531 | D:3      | HP: 1/28 [orc priest/divine providence (10)]
  1533 | D:3      | Reached skill level 5 in Poison Magic
  1533 | D:3      | Reached XP level 4. HP: 2/36 MP: 4/7
  1552 | D:2      | Learned a level 4 spell: Olgreb's Toxic Radiance
  1716 | D:3      | Noticed a gnoll sergeant
  1726 | D:3      | Slain by a gnoll sergeant

Illustrated notes

Levels and vault maps discovered:
D:1:      eino_arrival_cavern_a, layout_loops_corners,
          ebering_ecumenical_altar_rust
D:2:      layout_rooms
D:3:      layout_loops_corners

Skill      XL: |  1  2  3 |
---------------+----------+-----
Stealth        | 4 5 |  5.0
Poison Magic   | 5 |  5.8
Dodging        | |  1.7
Spellcasting   | |  2.1
Transmutations | |  1.2

Action                     |  1- 3 |  4- 6 || total
---------------------------+-------+-------++-------
  Melee: Club              |     3 |       ||     3
         Short sword       |    21 |     3 ||    24
         Unarmed           |     2 |       ||     2
   Cast: Sting             |    22 |     1 ||    23
         Olgreb's Toxic Ra |       |     3 ||     3
Ability: Spit Poison       |    31 |     3 ||    34
 Armour: Robe              |    12 |     2 ||    14
  Dodge: Dodged            |    32 |    13 ||    45
